 Dungeon Crawl Stone Soup version 0.28.0-53-g5a82cb258f (webtiles) character file.

Game seed: 18402503864058891801

666 H0rd4k the Cutter (level 7, -5/52 HPs)
             Began as a Human Artificer on Aug 12, 2022.
             Was an Initiate of Gozag.
             Slain by a bog mummy (17 damage)
             ... in an ossuary.
             The game lasted 00:06:10 (6451 turns).

H0rd4k the Cutter (Human Artificer)                 Turns: 6451, Time: 00:06:11

Health: -5/52      AC:  4    Str: 13    XL:     7   Next: 88%
Magic:  11/11      EV: 12    Int: 13    God:    Gozag
Gold:   329        SH:  0    Dex: 13    Spells: 11/11 levels left

rFire   . . .      SeeInvis +   g - +2 dagger (venom)
rCold   . . .      Faith    .   (no shield)
rNeg    . . .      Spirit   .   b - +0 leather armour
rPois   .          Reflect  .   (no helmet)
rElec   .          Harm     .   (no cloak)
rCorr   .          Rampage  .   n - +0 pair of gloves
Will    .....                   (no boots)
Stlth   +.........              (no amulet)
HPRegen 0.17/turn               m - ring of see invisible
MPRegen 0.12/turn               (no ring)

@: gold aura, studying Short Blades
A: no striking features
a: Renounce Religion, Potion Petition, Call Merchant, Bribe Branch


You were in an ossuary.
You worshipped Gozag.
Gozag was aware of your devotion.
You visited 2 branches of the dungeon, and saw 7 of its levels.
You also visited: Ossuary.

You collected 405 gold pieces.
You paid 76 gold pieces to Gozag.

Inventory:

Hand Weapons
 a - a +0 club
 g - a +2 dagger of venom (weapon)
Missiles
 l - 2 poisoned darts
Armour
 b - a +0 leather armour (worn)
 n - a +0 pair of gloves (worn)
Jewellery
 m - a ring of see invisible (left hand)
Wands
 c - a wand of flame (10) (quivered)
 d - a wand of charming (11)
 v - a wand of polymorph (3)
 w - a wand of iceblast (7)
Scrolls
 j - 2 scrolls of identify {unknown}
 r - 2 scrolls of summoning {unknown}
 s - a scroll of magic mapping {unknown}
Potions
 h - 3 potions of brilliance {unknown}
 i - 2 potions of curing {unknown}
 o - a potion of ambrosia {unknown}
 p - 2 potions of berserk rage {unknown}
 t - 2 potions of haste {unknown}
 u - 2 potions of might {unknown}
Miscellaneous
 e - a piece from Xom's chessboard (15/15)
 q - a piece from Xom's chessboard (15/15)


   Skills:
 + Level 3.2 Fighting
 + Level 5.5 Short Blades
 + Level 0.9 Maces & Flails
 - Level 2.0 Armour
 + Level 3.6 Dodging
 - Level 1.0 Stealth
 * Level 2.8 Spellcasting
 + Level 4.2 Evocations


You had 11 spell levels left.
You didn't know any spells.
Your spell library was empty.

Dungeon Overview and Level Annotations

Branches:
Dungeon (6/15)             Temple (1/1) D:4         Ossuary (1/1)

Altars:
Ashenzari
Cheibriados
Dithmenos
Elyvilon
Fedhas
Gozag
Makhleb
Nemelex Xobeh
Okawaru
Qazlal
Ru
Sif Muna
Trog
Uskayaw
Vehumet
Wu Jian
Xom
Yredelemnul
Zin

Shops:
D:1 *

Annotations:
D:3 exclusion: downstairs
D:5 2 transporters, Edmund
D:6 Sigmund


Message History

You puncture the mummy!
The mummy is heavily damaged.
You hit the mummy.
The mummy is severely damaged.
The mummy hits you!
You hit the mummy but do no damage.
The mummy is severely damaged.
You hit the mummy.
The mummy is almost destroyed.
The mummy hits you but does no damage.
The bog mummy gestures at you while chanting.
The puff of frost hits you.
There is an open door here.
The mummy hits you!
You hit the mummy.
You destroy the mummy!
You hit the mummy.
The mummy is lightly damaged.
You hit the mummy but do no damage.
The mummy is lightly damaged.
There is an open door here.
The mummy hits you but does no damage.
Aiming: Charm
Press: ? - help, Shift-Dir - straight line, f - mummy
Aim: a mummy (lightly damaged, chance to affect: 59%)
The mummy is charmed.
The bog mummy hits you!
* * * LOW HITPOINT WARNING * * *
Unknown command.
What are your orders? t - Shout!
Orders for allies: a - Attack new target. p - Attack previous target. r - Retreat! s - Stop attacking. g - Guard the area. f - Follow me.
Anything else - Cancel.
Guard this area!
You hit the bog mummy.
The bog mummy is lightly damaged.
Your mummy hits the bog mummy. The bog mummy hits you!
You die...
Your body crumbles into a pile of gold.

##### #∩..#
#.∩.# #M@.#
##M##
.......≈..≈+
+#'#'#+#'#'#
# .≈ ≈# ###
#


You could see a bog mummy (ally target) and a friendly mummy (charmed).

Vanquished Creatures
  2 ogres
  A bullfrog (D:5)
  A scorpion (D:5)
  A water moccasin skeleton (D:4)
  A jelly (D:6)
  A hound (D:5)
  2 iguanas
  A mummy (Ossuary)
  A howler monkey zombie (D:4)
  3 gnolls (D:5)
  7 adders
  2 white imps
  2 dart slugs
  8 orcs
  5 endoplasms
  2 giant cockroaches (D:1)
  5 goblins
  8 hobgoblins
  2 jackals (D:4)
  6 kobolds
  5 ball pythons
  3 bats
  3 frilled lizards
  3 rats
75 creatures vanquished.

Vanquished Creatures (others)
  A black bear (D:4)
  A jelly (D:4)
  13 plants (D:4)
  2 withered plants (Ossuary)
17 creatures vanquished.

Grand Total: 92 creatures vanquished

Notes
Turn   | Place    | Note
-------+----------+-------------------------------------------
     0 | D:1      | H0rd4k the Human Artificer began the quest for the Orb.
     0 | D:1      | Reached XP level 1. HP: 15/15 MP: 1/1
   201 | D:1      | Found Hidd's Assorted Antiques.
   233 | D:1      | Reached XP level 2. HP: 19/21 MP: 2/2
   582 | D:1      | Found a faded altar of an unknown god.
   775 | D:1      | Reached XP level 3. HP: 9/26 MP: 3/3
  1547 | D:2      | Reached XP level 4. HP: 26/32 MP: 4/4
  1811 | D:2      | Reached skill level 1 in Short Blades
  2435 | D:3      | Reached XP level 5. HP: 34/38 MP: 5/5
  2658 | D:3      | Found a shimmering altar of Xom.
  2678 | D:3      | Reached skill level 1 in Spellcasting
  2892 | D:4      | Noticed an ogre
  3524 | D:4      | Reached skill level 2 in Short Blades
  3524 | D:4      | Found a staircase to the Ecumenical Temple.
  3592 | Temple   | Entered the Ecumenical Temple
  3744 | Temple   | Became a worshipper of Gozag Ym Sagoz the Greedy
  3992 | D:4      | Noticed a black bear
  4045 | D:4      | Killed an ogre
  4046 | D:4      | Reached skill level 3 in Short Blades
  4046 | D:4      | Reached XP level 6. HP: 44/44 MP: 8/8
  4338 | D:4      | Found a shadowy altar of Dithmenos.
  4783 | D:5      | Entered Level 5 of the Dungeon
  4952 | D:5      | Noticed an ogre
  4987 | D:5      | Killed an ogre
  4988 | D:5      | Reached skill level 4 in Short Blades
  4988 | D:5      | Reached XP level 7. HP: 19/51 MP: 10/10
  5613 | D:5      | Found a transporter.
  5613 | D:5      | Noticed Edmund
  5617 | D:5      | Noticed a fire bat
  5618 | D:5      | Noticed a fire bat
  5753 | D:5      | Found a transporter.
  5859 | D:5      | Reached skill level 5 in Short Blades
  6184 | D:6      | Found a blossoming altar of Fedhas.
  6388 | D:6      | Found a sand-covered staircase.
  6393 | D:6      | Noticed Sigmund
  6397 | Ossuary  | Entered an ossuary
  6451 | Ossuary  | Slain by a bog mummy

Illustrated notes

Levels and vault maps discovered:
D:1:      lightli_arrival_quake, layout_rooms,
          nicolae_ecumenical_snake_handling, serial_shops,
          nicolae_shop_statue_plus, supply_closet_lemuel
D:2:      layout_basic
D:3:      layout_basic, xom_butterflies
D:4:      layout_loops_cross, lemuel_tele_altar, temple_hall, serial_bayou,
          serial_bayou_crossing, serial_bayou_pond_e, serial_bayou_ford_a,
          serial_bayou_lagoon_a
D:5:      gammafunk_cloud_chamber, layout_loops_corners, kennysheep_boxes,
          uniq_edmund
D:6:      layout_basic, mainiacjoe_overflow_catwalk,
          nicolae_ossuary_entry_monument, nicolae_water_bricks,
          lemuel_flame_loot_1, uniq_sigmund
Temple:   nicolae_temple_elliptical
Ossuary:  ossuary_zaba_flooded

Skill      XL: |  1  2  3  4  5  6  7 |
---------------+----------------------+-----
Short Blades   | 1 3 4 5 |  5.5
Evocations     | 4 |  4.2
Spellcasting   | 1 2 |  2.8
Dodging        | 2 3 |  3.6
Fighting       | 2 3 |  3.2
Maces & Flails | |  0.9
Armour         | |  2.0
Stealth        | |  1.0

Action                   |  1- 3 |  4- 6 |  7- 9 || total
-------------------------+-------+-------+-------++-------
Melee: Club              |    35 |       |       ||    35
       Dagger            |    64 |   121 |    63 ||   248
       Punch             |     1 |       |     1 ||     2
Evoke: Wand              |       |     7 |     2 ||     9
  Use: Scroll            |       |       |     2 ||     2
 Stab: Sleeping          |     2 |     1 |       ||     3
       Distracted        |       |       |     2 ||     2
Armor: Leather armour    |    32 |    20 |    11 ||    63
Dodge: Dodged            |    57 |    56 |    36 ||   149
